Match 47143990
Unlisted

Match 47143990
End
Pioneer Squad
Construct Infanterie Kompanie
MG 42 Machine Gun Team
GrW 34 Mortar Team
Grenadier Squad
Construct Panzergrenadier Kompanie
251 Medium Carrier
Medical Bunker
Pak 40 Anti-tank Gun Team
Selects Mechanized Battlegroup
Support Elements
StuG III G Assault Gun
Selects Raid Package
Panzergrenadier Squad
Panzergrenadier Officer Quarters
MG 42 Bunker
<Alpha>saltingfish
fj6862
Kidzombie13
BananaBrain
Brankus
A_Smoove
Dragon_Man
帅气的大都督
0
0

Comments sign in to comment!

No comments posted yet!